 Dungeon Crawl Stone Soup version 0.25.0-9-g26727b6 (webtiles) character file.

Game seed: 5522073781924439362

96170 HilariousDeathArtist the Severer (level 15, 0/97 HPs)
             Began as a Vampire Air Elementalist on June 19, 2020.
             Was an Initiate of Gozag.
             Slain by a jumping spider (7 damage)
             ... on level 1 of the Spider Nest.
             The game lasted 01:08:02 (30691 turns).

HilariousDeathArtist the Severer (VpAE)            Turns: 30691, Time: 01:08:03

Health: 0/97       AC: 10    Str: 14    XL:     15   Next: 68%
Magic:  21/21      EV: 23    Int: 32    God:    Gozag
Gold:   1233       SH:  5    Dex: 14    Spells: 8/22 levels left

rFire    + . .     SeeInvis +   a - +10 executioner's axe of Bicedoah {flame, +Rage rElec Int+4}
rCold    + + +     Gourm    .   (shield currently unavailable)
rNeg     + + +     Faith    .   y - +0 steam dragon scales
rPois    ∞         Spirit   .   L - +2 helmet {Int+3}
rElec    +         Reflect  +   k - scarf {+Inv}
rCorr    .         Harm     .   T - +1 pair of gloves {Str+3}
MR       +....                  (no boots)
Stlth    ++++++....             m - amulet of reflection
HPRegen  0.00/turn              C - ring of Fiasun {*Contam rF+ rC++ Str+6, =R}
MPRegen  0.17/turn              E - ring "Odammok" {EV+4 Str-2 Slay+5 SInv}

@: bloodless, slowed, very slow
A: no food, fangs 3, see invisible, unbreathing
a: Bat Form, Revivify, Potion Petition, Call Merchant, Bribe Branch, Renounce
Religion, Evoke Berserk Rage, Evoke Invisibility


You were on level 1 of the Spider Nest.
You worshipped Gozag.
Gozag was most pleased with you.
You were bloodless.

You visited 4 branches of the dungeon, and saw 24 of its levels.
You also visited: Bailey.

You collected 9444 gold pieces.
You spent 4908 gold pieces at shops.
You paid 3303 gold pieces to Gozag.

Inventory:

Hand Weapons
 a - the +10 executioner's axe of Bicedoah (weapon) {flame, +Rage rElec Int+4}
   (You acquired it on level 5 of the Lair of Beasts)

   It has been specially enchanted to burn those struck by it, causing extra
   injury to most foes and up to half again as much damage against particularly
   susceptible opponents.
   Big, fiery blades are also staple armaments of hydra-hunters.
   It affects your intelligence (+4).
   It insulates you from electricity.
   It lets you go berserk.
 b - the +10 hand crossbow of Plague {flame, rPois}
   (You found it on level 6 of the Lair of Beasts)

   It causes projectiles fired from it to burn those they strike, causing extra
   injury to most foes and up to half again as much damage against particularly
   susceptible opponents.
   It protects you from poison.
 N - the +10 dagger of Harmony {drain, rC+}
   (You found it on level 5 of the Lair of Beasts)

   A truly terrible weapon, it drains the life of those it strikes.
   It protects you from cold.
Missiles
 g - 2 throwing nets {=f, !d}
 B - 6 curare-tipped darts
Armour
 k - a scarf of invisibility (worn)
   (You acquired it on level 10 of the Dungeon)
 y - +0 steam dragon scales (worn)
   (You took it off Maggie on level 6 of the Dungeon)
 L - a +2 helmet of intelligence (worn)
   (You acquired it on level 4 of the Lair of Beasts)
 T - a +1 pair of gloves of strength (worn)
   (You bought it in a shop on level 2 of the Orcish Mines)
Jewellery
 m - an amulet of reflection (around neck)
   (You found it on level 1 of the Dungeon)
 C - the ring of Fiasun (left hand) {*Contam rF+ rC++ Str+6, =R}
   (You bought it in a shop on level 8 of the Dungeon)

   [ring of strength]

   It affects your strength (+6).
   It protects you from fire.
   It greatly protects you from cold.
   It causes magical contamination when unequipped.
 E - the ring "Odammok" (right hand) {EV+4 Str-2 Slay+5 SInv}
   (You bought it in a shop on level 8 of the Dungeon)

   [ring of evasion]

   It affects your evasion (+4).
   It affects your strength (-2).
   It affects your accuracy and damage with ranged weapons and melee attacks
   (+5).
   It lets you see invisible.
 P - the ring "Jiosor" {+Fly rPois rN+ Str+2 Dex+3}
   (You found it on level 5 of the Lair of Beasts)

   [ring of positive energy]

   It affects your strength (+2).
   It affects your dexterity (+3).
   It protects you from poison.
   It protects you from negative energy.
   It lets you fly.
 X - an uncursed ring of resist corrosion
   (You found it on level 1 of the Dungeon)
Wands
 f - a wand of random effects (7)
   (You found it on level 1 of the Spider Nest)
 p - a wand of disintegration (12)
   (You found it on level 11 of the Dungeon)
 t - a wand of polymorph (29)
   (You found it on level 4 of the Dungeon)
 G - a wand of paralysis (6)
   (You found it on level 11 of the Dungeon)
 H - a wand of iceblast (19)
   (You found it on level 3 of the Lair of Beasts)
 S - a wand of digging (5)
   (You found it on level 6 of the Lair of Beasts)
Scrolls
 e - a scroll of torment {!r}
 h - 2 scrolls of immolation {!r}
 i - a scroll of enchant weapon
 l - 13 scrolls of remove curse
 q - 6 scrolls of fog
 r - 15 scrolls of teleportation
 u - 7 scrolls of identify
 v - a scroll of holy word {!r!r}
 x - 7 scrolls of magic mapping {!r}
 J - a scroll of enchant armour
 U - 5 scrolls of blinking {!r}
 V - 2 scrolls of vulnerability {!r!r}
Potions
 c - 3 potions of lignification {!q}
 d - 3 potions of stabbing
 j - 5 potions of might
 n - 4 potions of mutation {!q}
 o - 7 potions of curing {19=trove}
 z - 3 potions of magic
 D - 3 potions of ambrosia
 F - 2 potions of brilliance
 I - 4 potions of resistance
 K - 2 potions of cancellation
 M - a potion of flight
 O - a potion of berserk rage {!q}
 Q - 2 potions of invisibility
 Y - 5 potions of heal wounds
 Z - 7 potions of haste
Miscellaneous
 R - a tin of tremorstones (3/3)
   (You found it on level 5 of the Lair of Beasts)
 W - a phantom mirror


   Skills:
 + Level 12.5 Fighting
 * Level 16.0 Axes
 + Level 10.4 Dodging
 - Level 9.0 Stealth
 - Level 4.3 Spellcasting
 - Level 5.0 Conjurations
 - Level 2.9 Summonings
 - Level 2.3 Translocations
 - Level 6.3 Air Magic
 + Level 8.2 Evocations


You had 8 spell levels left.
You knew the following spells:

 Your Spells              Type           Power        Failure   Level  Hunger
a - Shock                 Conj/Air       ####         1%          1    N/A
b - Blink                 Tloc           N/A          3%          2    N/A
g - Apportation           Tloc           ###...       2%          1    N/A
v - Airstrike             Air            #####.....   4%          4    N/A
x - Lightning Bolt        Conj/Air       #####.....   14%         5    N/A
B - Summon Butterflies    Summ           ####....     1%          1    N/A

Your spell library contained the following spells:

 Spells                   Type           Power        Failure   Level  Hunger
 Magic Dart               Conj           ####         1%          1    N/A
 Static Discharge         Conj/Air       #####...     1%          3    N/A
 Call Imp                 Summ           ####....     2%          2    N/A
 Poisonous Vapours        Pois/Air       ####..       2%          2    N/A
 Swiftness                Chrm/Air       ####....     2%          2    N/A
 Mephitic Cloud           Conj/Pois/Air  ####....     3%          3    N/A
 Animate Skeleton         Necr           N/A          5%          1    N/A
 Beastly Appendage        Tmut           #.....       5%          1    N/A
 Pain                     Necr           #...         5%          1    N/A
 Sandblast                Erth           #.....       5%          1    N/A
 Sting                    Tmut/Pois      #...         5%          1    N/A
 Conjure Flame            Conj/Fire      ###.....     6%          3    N/A
 Gell's Gravitas          Tloc           ###.......   6%          3    N/A
 Lesser Beckoning         Tloc           ###.......   6%          3    N/A
 Stone Arrow              Conj/Erth      ###...       6%          3    N/A
 Passwall                 Tmut/Erth      #.......     9%          2    N/A
 Slow                     Hex            #.......     9%          2    N/A
 Sticks to Snakes         Tmut           #.......     9%          2    N/A
 Confusing Touch          Hex            #.......     16%         3    N/A
 Ignite Poison            Fire/Tmut/Pois #.......     16%         3    N/A
 Spider Form              Tmut/Pois      #.........   16%         3    N/A
 Tukima's Dance           Hex            #.......     16%         3    N/A
 Vampiric Draining        Necr           #.........   16%         3    N/A
 Animate Dead             Necr           N/A          47%         4    N/A
 Ice Form                 Ice/Tmut       #.......     47%         4    N/A
 Olgreb's Toxic Radiance  Pois           #.......     47%         4    N/A
 Petrify                  Tmut/Erth      #.......     47%         4    N/A
 Agony                    Necr           #.......     83%         5    N/A
 Alistair's Intoxication  Tmut/Pois      #.......     83%         5    N/A
 Blade Hands              Tmut           #.........   83%         5    N/A
 Lee's Rapid Deconstruct  Erth           #.........   83%         5    N/A
 Metabolic Englaciation   Hex/Ice        #.........   83%         5    N/A
 Yara's Violent Unravell  Hex/Tmut       #.........   83%         5    N/A
 Invisibility             Hex            #.......     100%        6    N/A

Dungeon Overview and Level Annotations

Branches:
Dungeon (15/15)            Temple (0/1) D:7            Lair (6/6) D:8
 Shoals (0/4) Lair:3       Spider (1/4) Lair:2        Slime (0/5) Lair:6
    Orc (2/2) D:11            Elf (0/3) Orc:2        Vaults (0/5) D:14
 Depths (0/5) D:15         Bailey (visited)

Altars:
Ashenzari
Cheibriados
Fedhas
Gozag
Hepliaklqana
Kikubaaqudgha
Makhleb
Qazlal
Trog
Vehumet
Wu Jian
Xom
Yredelemnul
The Shining One
Beogh
Jiyva

Shops:
D:6 }   D:8 =?**   D:12 !   Orc:1 (   Orc:2 [??:

Portals:
Trove: D:15 (give 19 potions of curing)

Annotations:
D:7 2 transporters


Innate Abilities, Weirdness & Mutations

You do not eat.
You do not regenerate when monsters are visible.
You are frail without blood (-20% HP).
You can heal yourself when you bite living creatures.
You are immune to poison.
You have razor-sharp teeth.
You have supernaturally acute eyesight. (SInv)
You can survive without breathing.


Message History

f - a wand of random effects (7)
u - 7 scrolls of identify (gained 1)
You enter the shallow water.
Moving in this stuff is going to be slow.
You now have 1233 gold pieces (gained 15).
A wolf spider, a jumping spider, an orb spider and a redback come into view.
There are monsters nearby!
There are monsters nearby!
A jumping spider comes into view.
A redback comes into view.
There is a stone staircase leading down here.
The helpless jumping spider fails to defend itself.
You chop the jumping spider into pieces!!!
You burn the jumping spider.
You kill the jumping spider!
The helpless wolf spider fails to defend itself.
You slice the wolf spider!! You burn the wolf spider!
The wolf spider closely misses you. The wolf spider misses you.
You barely miss the wolf spider.
The orb spider hisses angrily.
The wolf spider closely misses you. x2; The wolf spider completely misses you.
You block the wolf spider's attack.
The redback bites you but does no damage.
The jumping spider hisses angrily.
You slice the wolf spider!! You burn the wolf spider.
You kill the wolf spider!
You closely miss the redback.
The jumping spider leaps!
You block the redback's attack. The redback misses you.
You closely miss the jumping spider. You closely miss the redback.
The jumping spider leaps!
The redback completely misses you.
The orb spider spins a strand of pure energy.
The redback bites you but does no damage.
You slice the redback!! You burn the redback.
You kill the redback!
The jumping spider leaps!
A redback comes into view.
The redback barely misses you.
You closely miss the redback. The redback bites you!
The orb spider weaves a glowing orb of energy.
You block the redback's attack.
The jumping spider leaps!
An orb of destruction comes into view.
You take 14 damage, and have 83/97 hp.
You slice the redback!! You burn the redback!
You kill the redback!
Your Axes skill increases to level 16!
The jumping spider leaps!
The orb of destruction hits you!!
You take 22 damage, and have 61/97 hp.
MASSIVE DAMAGE!!
You slash the redback! You burn the redback.
The redback completely misses you. x2
You block the redback's attack.
A torpor snail comes into view.
Being near the torpor snail leaves you feeling lethargic.
You see here 10 gold pieces.
You feel yourself speed up. The redback bites you.
The redback becomes distracted by the nearby gold, dreaming of imaginary riches.
You take 3 damage, and have 58/97 hp.
You are too injured to fight recklessly!
Being near the torpor snail leaves you feeling lethargic.
Okay, then.
The jumping spider becomes distracted by the nearby gold, dreaming of imaginary riches.
The orb spider spins a strand of pure energy.
You see here 7 gold pieces.
The jumping spider hisses angrily.
You slice the orb spider!! You burn the orb spider! You bite the orb spider.
You slash the redback! You burn the redback.
The redback is no longer distracted by gold.
The jumping spider is no longer distracted by gold.
The redback completely misses you. The redback misses you.
The redback barely misses you.
You slice the torpor snail!! You burn the torpor snail. You slash the redback!
You burn the redback.
You kill the redback!
You closely miss the jumping spider.
The jumping spider leaps!
The torpor snail completely misses you.
You hit the torpor snail but do no damage.
The jumping spider leaps!
The torpor snail bites you! The torpor snail closely misses you.
You take 15 damage, and have 43/97 hp.
The orb spider weaves a glowing orb of energy.
The wavering orb of destruction weakly hits you!!
* * * LOW HITPOINT WARNING * * *
The torpor snail completely misses you.
You see here 7 gold pieces.
You take 20 damage, and have 23/97 hp.
MASSIVE DAMAGE!!
You slash the orb spider! You burn the orb spider.
You kill the orb spider!
You slash the torpor snail! You burn the torpor snail.
You block the torpor snail's attack.
The jumping spider pounces on you but does no damage.
The jumping spider bites you but does no damage.
You slash the torpor snail! You burn the torpor snail.
You bite the torpor snail.
You hit the jumping spider but do no damage.
The jumping spider pounces on you!
* * * LOW HITPOINT WARNING * * *
The jumping spider bites you!
You die...
Your body crumbles into a pile of gold.

#...#..≈≈ #....#≈ ...#
##.... ... #....## ###..^
# #.....# #.....
≈##....##
≈≈#...########.#..#≈≈##
≈.....#$w..#≈..#...≈#≈###
##$.s@$$#...#..###^#.#
#?..>.####............
###..###.#...........##
..#.#
#...^#...#...##.#.#....
..#.
##...#..##....######...
....###...##.^#..######
#...
.....#.≈..............≈#
#... ###.
##...##..............#
#..# .#.
#.....#.....##..###.##
#..#


You could see a torpor snail and a jumping spider.

Vanquished Creatures
  Jorgrun (D:14)
  Gastronok (Lair:2)
  Kirke (D:12)
  An emperor scorpion (Spider:1)
  A stone giant (Orc:1)
  Nessos (D:14)
  Snorg (D:14)
  Josephine (D:11)
  Erolcha (D:11)
  3 vault guards
  5 ogre magi (Orc:2)
  4 centaur warriors
  Erica (D:11)
  8 hydras
  A merfolk avatar (Lair:6)
  A two-headed ogre (D:13)
  3 tengu warriors
  Urug (Lair:2)
  Nergalle (Orc:2)
  2 unseen horrors
  A sea snake (Lair:5)
  2 wizards (D:15)
  A wolf spider zombie (D:15)
  Pikel (D:9)
  3 orb spiders (Spider:1)
  A necromancer (D:15)
  2 orc knights
  A manticore (D:12)
  5 orc sorcerers
  5 wolf spiders (Spider:1)
  18 ugly things
  5 cyclopes
  5 elephants (Lair:6)
  A black mamba (Lair:2)
  7 spiny frogs
  2 naga magi (D:15)
  2 gargoyles (D:12)
  4 kobold demonologists
  Maggie (D:6)
  An efreet (D:15)
  2 rime drakes (Lair:6)
  10 komodo dragons
  3 meliai (Lair:4)
  3 demonic crawlers (Spider:1)
  7 trolls
  A jumping spider (Spider:1)
  A wind drake (Lair:6)
  Grinder (D:3)
  3 polar bears
  A wolf spider simulacrum (D:15)
  3 hornets
  A queen bee (Lair:4)
  3 slime creatures (D:12)
  15 blink frogs
  4 dream sheep (Lair:6)
  12 hippogriffs
  6 redbacks (Spider:1)
  2 centaur simulacra (D:15)
  A shadow (D:15)
  3 tarantellas (Spider:1)
  24 yaks
  6 wraiths
  A spriggan (D:7)
  5 wyverns
  2 fire bats (Lair:5)
  2 fire elementals (Lair:5)
  4 basilisks
  9 humans (D:14)
  3 hungry ghosts
  A redback simulacrum (D:15)
  A warg (Orc:1)
  Menkaure (D:6)
  A swamp worm (shapeshifter) (D:15)
  2 acid dragons
  A soldier ant (D:15)
  2 hell hounds (Lair:5)
  14 water moccasins
  11 porcupines
  A black bear (Lair:1)
  21 orc warriors
  4 ice beasts
  2 sky beasts
  An eye of draining (D:14)
  A slave (D:9)
  A phantom (D:14)
  20 ogres
  8 wolves
  12 centaurs
  15 crocodiles
  7 big kobolds
  15 bullfrogs
  A gnoll sergeant (D:11)
  5 scorpions
  41 killer bees
  9 wights
  2 howler monkeys (D:7)
  An electric eel (D:7)
  4 crimson imps
  2 bullfrog zombies
  A centaur zombie (D:6)
  5 jellies
  3 hounds
  5 bullfrog skeletons
  8 orc priests
  26 orc wizards
  Jessica (D:3)
  5 centaur skeletons
  Ijyb (D:3)
  7 iguanas
  8 worker ants
  A hound zombie (D:11)
  6 gnolls
  7 adders
  2 shadow imps
  An ooze (D:1)
  2 worms
  2 dart slugs
  5 leopard geckos
  81 orcs
  4 giant cockroaches
  8 goblins
  7 hobgoblins
  13 jackals
  3 quokkas
  2 ball pythons
  A ball python skeleton (D:4)
  10 bats
  4 frilled lizards
  24 kobolds
  A leopard gecko skeleton (D:8)
  4 rats
  4 bushes (D:14)
  3 fungi (Lair:6)
  2 plants (Lair:6)
719 creatures vanquished.

Vanquished Creatures (collateral kills)
  Grum (D:9)
  2 wolves (D:9)
3 creatures vanquished.

Vanquished Creatures (others)
  3 humans
  3 orc wizards (Orc:2)
  A bush (D:14)
  3 fungi (Lair:6)
  6 plants (Lair:6)
16 creatures vanquished.

Grand Total: 738 creatures vanquished

Notes
Turn   | Place    | Note
-------+----------+-------------------------------------------
     0 | D:1      | HilariousDeathArtist the Vampire Air Elementalist began the
                  | quest for the Orb.
     0 | D:1      | Reached XP level 1. HP: 13/13 MP: 3/3
   121 | D:1      | Reached skill level 1 in Conjurations
   396 | D:1      | Reached XP level 2. HP: 19/19 MP: 1/5
   999 | D:2      | Reached skill level 2 in Conjurations
  1144 | D:2      | Reached XP level 3. HP: 20/24 MP: 1/6
  1409 | D:2      | Found a faded altar of an unknown god.
  1418 | D:2      | Became a worshipper of Gozag Ym Sagoz the Greedy
  1905 | D:2      | Reached XP level 4. HP: 31/31 MP: 7/7
  2007 | D:3      | Noticed Ijyb
  2121 | D:3      | Noticed Grinder
  2231 | D:3      | You fall into a shaft and drop 1 floor!
  2239 | D:4      | Reached skill level 1 in Fighting
  2265 | D:4      | HP: 7/32 [worker ant (7)]
  2271 | D:4      | HP: 9/48 [poisoned by a worker ant]
  2276 | D:4      | HP: 9/48 [poisoned by a worker ant]
  2283 | D:4      | HP: 9/48 [poisoned by a worker ant]
  2291 | D:4      | HP: 10/49 [poisoned by a worker ant]
  2294 | D:4      | Reached skill level 2 in Fighting
  2403 | D:4      | Noticed an ogre
  2430 | D:3      | Found an ornate altar of the Wu Jian Council.
  2479 | D:4      | Reached XP level 5. HP: 18/40 MP: 2/8
  2611 | D:4      | Reached skill level 3 in Fighting
  3084 | D:3      | Reached skill level 4 in Fighting
  3094 | D:3      | Reached XP level 6. HP: 24/48 MP: 9/9
  3197 | D:3      | Learned a level 4 spell: Airstrike
  3256 | D:3      | Noticed Jessica
  3265 | D:3      | Killed Jessica
  3418 | D:3      | Killed Ijyb
  3555 | D:3      | Found a hazy altar of Hepliaklqana.
  3835 | D:3      | Killed Grinder
  3835 | D:3      | Reached skill level 4 in Spellcasting
  3835 | D:3      | Reached XP level 7. HP: 40/54 MP: 0/13
  3844 | D:3      | Learned a level 5 spell: Lightning Bolt
  4089 | D:4      | Reached skill level 3 in Conjurations
  4201 | D:5      | Entered Level 5 of the Dungeon
  4593 | D:5      | Reached skill level 4 in Air Magic
  5156 | D:6      | Found a bloodstained altar of Trog.
  5171 | D:6      | Reached skill level 4 in Conjurations
  5171 | D:6      | Reached skill level 5 in Air Magic
  5171 | D:6      | Reached XP level 8. HP: 55/60 MP: 6/14
  5504 | D:6      | Found a basalt altar of Yredelemnul.
  5504 | D:6      | Noticed Maggie
  5526 | D:6      | Killed Maggie
  5526 | D:6      | Reached skill level 5 in Conjurations
  5526 | D:6      | Reached skill level 6 in Air Magic
  5641 | D:6      | Reached skill level 1 in Axes
  5736 | D:6      | Noticed Menkaure
  5740 | D:6      | Killed Menkaure
  5740 | D:6      | Reached skill level 2 in Axes
  5846 | D:6      | Found Urropoe's Gadget Boutique.
  6137 | D:6      | Found a stormy altar of Qazlal.
  6567 | D:7      | Found a transporter.
  6568 | D:7      | Noticed a hippogriff
  6570 | D:7      | Found an ancient bone altar of Kikubaaqudgha.
  6570 | D:7      | Noticed a two-headed ogre
  6571 | D:7      | Found a burning altar of Makhleb.
  6572 | D:7      | Found a radiant altar of Vehumet.
  6572 | D:7      | Found a transporter.
  6575 | D:7      | Noticed a centaur warrior
  6631 | D:7      | Found a staircase to the Ecumenical Temple.
  6646 | D:7      | Reached skill level 3 in Axes
  6646 | D:7      | Reached XP level 9. HP: 46/67 MP: 15/15
  6699 | D:7      | Learned a level 2 spell: Blink
  6727 | D:7      | Found a bloodstained altar of Trog.
  6727 | D:7      | Found a shattered altar of Ashenzari.
  6727 | D:7      | Found a shimmering altar of Xom.
  6727 | D:7      | Found a blossoming altar of Fedhas.
  6760 | D:7      | Reached skill level 5 in Fighting
  6834 | D:7      | Found a glowing golden altar of the Shining One.
  7058 | D:7      | Reached skill level 4 in Axes
  7294 | D:7      | Reached skill level 5 in Axes
  7606 | D:8      | Reached skill level 6 in Fighting
  7824 | D:8      | Reached skill level 6 in Axes
  8133 | D:8      | Found a staircase to the Lair.
  8296 | D:8      | Reached skill level 7 in Axes
  8511 | D:9      | Reached XP level 10. HP: 69/77 MP: 16/16
  8627 | D:9      | Found an opulent altar of Gozag.
  8708 | D:9      | Noticed Pikel
  8726 | D:9      | Killed Pikel
  8892 | D:9      | Noticed Grum
  8906 | D:9      | Reached skill level 7 in Fighting
  8906 | D:9      | HP: 3/79 [Grum/-1 glaive of protection (21)]
  8913 | D:9      | Killed Grum
  9152 | D:9      | Reached skill level 8 in Axes
  9406 | D:10     | Entered Level 10 of the Dungeon
  9494 | D:10     | Found a snail-covered altar of Cheibriados.
  9666 | D:10     | Reached skill level 9 in Axes
  9824 | D:10     | Identified a scroll of acquirement
 10239 | Lair:1   | Entered Level 1 of the Lair of Beasts
 10244 | D:8      | Bought the ring of Fiasun {*Contam rF+ rC++ Str+6} for 1012
                  | gold pieces
 10299 | D:8      | HP: 14/80 [hippogriff (8)]
 10303 | D:8      | Reached skill level 8 in Fighting
 10610 | D:11     | Noticed Josephine
 10626 | D:11     | Killed Josephine
 10626 | D:11     | Reached skill level 10 in Axes
 10626 | D:11     | Reached XP level 11. HP: 83/87 MP: 3/17
 11290 | D:11     | HP: 21/87 [ogre/+0 giant club (9)]
 11297 | D:11     | HP: 8/87 [orc priest/nerve-wracking pain (14)]
 11302 | D:11     | HP: 10/87 [hippogriff (6)]
 11382 | D:11     | Noticed Erolcha
 11394 | D:11     | Killed Erolcha
 11394 | D:11     | Reached skill level 9 in Fighting
 11394 | D:11     | Reached skill level 11 in Axes
 11413 | D:11     | Noticed Erica
 11638 | D:11     | Found a staircase to the Orcish Mines.
 11753 | D:11     | Killed Erica
 11850 | D:11     | Noticed an unseen horror
 11864 | D:11     | Killed an unseen horror
 11870 | D:11     | HP: 15/89 [wraith (12)]
 11871 | D:11     | HP: 5/89 [wraith (10)]
 12250 | D:12     | Noticed an eight-headed hydra
 12268 | Orc:1    | Entered Level 1 of the Orcish Mines
 12268 | Orc:1    | Noticed a stone giant
 12411 | Lair:1   | HP: 10/89 [komodo dragon (28)]
 12788 | Lair:1   | HP: 1/89 [komodo dragon (30)]
 13292 | Lair:1   | Reached skill level 12 in Axes
 13461 | Lair:1   | Learned a level 4 spell: Animate Dead
 13833 | Lair:2   | Reached XP level 12. HP: 97/97 MP: 12/18
 13900 | Lair:2   | Reached skill level 3 in Dodging
 14885 | Lair:2   | Noticed Urug
 14887 | Lair:2   | Got a crude long sword
 14891 | Lair:1   | Identified the +3 long sword of Governance {freeze, rPois
                  | MR+} (You found it on level 2 of the Lair of Beasts)
 14943 | D:8      | Bought the ring "Odammok" {EV+4 Str-2 Slay+5 SInv} for 768
                  | gold pieces
 15054 | Lair:2   | Noticed Gastronok
 15229 | Lair:1   | HP: 18/97 [something (11)]
 15230 | Lair:1   | HP: 5/97 [something (13)]
 15498 | Lair:2   | Found a hole to the Spider Nest.
 15517 | Lair:2   | Killed Gastronok
 15517 | Lair:2   | Reached skill level 10 in Fighting
 15517 | Lair:2   | Reached skill level 4 in Dodging
 15517 | Lair:2   | Reached skill level 4 in Stealth
 15517 | Lair:2   | Reached skill level 1 in Evocations
 15739 | Lair:2   | Killed Urug
 15848 | Lair:2   | Got a smelly chain mail
 16025 | Lair:2   | Reached skill level 5 in Stealth
 16072 | Lair:2   | Reached skill level 2 in Evocations
 16223 | Lair:2   | Identified the +3 chain mail "Qaolefef" {rN+} (You found it
                  | on level 2 of the Lair of Beasts)
 16643 | Lair:3   | Reached skill level 5 in Dodging
 16814 | Lair:3   | Reached skill level 6 in Stealth
 16993 | Lair:3   | Found a staircase to the Shoals.
 17351 | Lair:4   | You fall into a shaft and drop 1 floor!
 17358 | Lair:5   | Found a transporter.
 17413 | Lair:5   | Found a transporter.
 17436 | Lair:5   | Reached skill level 3 in Evocations
 17453 | Lair:5   | Reached skill level 13 in Axes
 17547 | Lair:5   | Got a smoking dagger
 17549 | Lair:5   | Got a pitted helmet
 17555 | Lair:5   | Identified the +10 dagger of Harmony {drain, rC+} (You
                  | found it on level 5 of the Lair of Beasts)
 17567 | Lair:5   | Identified the cursed +0 helmet of Modesty {+Inv rCorr
                  | Str-5 Dex+8} (You found it on level 5 of the Lair of
                  | Beasts)
 17763 | Lair:5   | Noticed a seven-headed hydra
 17779 | Lair:5   | Killed a two-headed hydra
 17871 | Lair:5   | Noticed a four-headed hydra
 17880 | Lair:5   | Killed a one-headed hydra
 17880 | Lair:5   | Reached skill level 7 in Stealth
 17928 | Lair:5   | Reached XP level 13. HP: 85/104 MP: 19/19
 18081 | Lair:5   | Got a flickering steel ring
 18090 | Lair:5   | Identified the ring "Jiosor" {+Fly rPois rN+ Str+2 Dex+3}
                  | (You found it on level 5 of the Lair of Beasts)
 18609 | Lair:6   | Entered Level 6 of the Lair of Beasts
 18655 | Lair:6   | HP: 10/104 [rime drake/flash freeze (21)]
 18662 | Lair:6   | HP: 25/104 [poisoned by a spiny frog]
 18667 | Lair:6   | HP: 26/104 [poisoned by a spiny frog]
 18863 | Lair:6   | Reached skill level 6 in Dodging
 18884 | Lair:6   | Paralysed by a hornet for 1 turns
 18917 | Lair:6   | Reached skill level 4 in Evocations
 19167 | Lair:6   | Paralysed by a hornet for 1 turns
 19171 | Lair:6   | Paralysed by a hornet for 1 turns
 19171 | Lair:6   | HP: 21/104 [wind drake/the air (15)]
 19172 | Lair:6   | HP: 4/104 [wind drake/the air (15)]
 19383 | Lair:4   | Reached skill level 8 in Stealth
 20238 | Lair:5   | Got the +10 executioner's axe of Bicedoah {flame, +Rage
                  | rElec Int+4}
 20511 | Lair:6   | Reached skill level 9 in Stealth
 20611 | Lair:6   | Reached skill level 11 in Fighting
 20748 | Lair:6   | HP: 14/106 [seven-headed hydra (14)]
 20748 | Lair:6   | HP: 6/106 [seven-headed hydra (8)]
 20977 | Lair:6   | Found a staircase to the Slime Pits.
 20977 | Lair:6   | Found a viscous altar of Jiyva.
 21096 | Lair:6   | Reached skill level 7 in Dodging
 21374 | Lair:6   | Reached skill level 5 in Evocations
 21827 | Lair:6   | Reached skill level 14 in Axes
 21988 | Lair:6   | Got a shimmering hand crossbow
 22100 | D:8      | Bought a scroll of blinking for 90 gold pieces
 22100 | D:8      | Bought a scroll of teleportation for 36 gold pieces
 22100 | D:8      | Bought a scroll of teleportation for 36 gold pieces
 22100 | D:8      | Bought a scroll of vulnerability for 90 gold pieces
 22106 | D:8      | Identified the +10 hand crossbow of Plague {flame, rPois}
                  | (You found it on level 6 of the Lair of Beasts)
 22113 | D:8      | Bought a scroll labeled VECIDO GIOTRIS for 26 gold pieces
 22113 | D:8      | Bought a potion of might for 104 gold pieces
 22113 | D:8      | Bought 2 scrolls of fog for 104 gold pieces
 22113 | D:8      | Bought a potion of curing for 78 gold pieces
 22484 | D:12     | Noticed Kirke
 22498 | D:12     | Killed Kirke
 22629 | D:12     | Found Tunwaetso's Distillery.
 22637 | D:12     | Bought 2 potions of heal wounds for 140 gold pieces
 22684 | D:12     | Reached XP level 14. HP: 102/113 MP: 20/20
 23354 | D:13     | Reached skill level 8 in Dodging
 23449 | D:13     | Found a flagged portal.
 23560 | Bailey   | Entered a bailey
 23676 | Bailey   | Reached skill level 6 in Evocations
 25292 | D:14     | Noticed Nessos
 25296 | D:14     | Killed Nessos
 25528 | D:14     | Reached skill level 15 in Axes
 25528 | D:14     | Reached skill level 9 in Dodging
 25698 | D:14     | Found a gate to the Vaults.
 25778 | D:14     | Noticed Snorg
 25807 | D:14     | Killed Snorg
 25808 | D:14     | Reached skill level 7 in Evocations
 25977 | D:14     | Reached skill level 12 in Fighting
 26098 | D:14     | Noticed Jorgrun
 26115 | D:14     | Killed Jorgrun
 26347 | D:14     | Reached XP level 15. HP: 117/120 MP: 21/21
 26692 | D:15     | Entered Level 15 of the Dungeon
 26696 | D:15     | Learned a level 1 spell: Apportation
 26698 | D:15     | Learned a level 1 spell: Summon Butterflies
 26976 | D:15     | Found a portal to a secret trove of treasure.
 27036 | D:15     | Reached skill level 1 in Summonings
 27126 | D:15     | Reached skill level 1 in Translocations
 27541 | D:15     | Found a staircase to the Depths.
 27896 | Orc:1    | Reached skill level 2 in Summonings
 28115 | Orc:1    | Found a roughly hewn altar of Beogh.
 28458 | Orc:2    | Entered Level 2 of the Orcish Mines
 28600 | Orc:1    | Found Ciaraoju's Weapon Emporium.
 28785 | Orc:2    | Found a burning altar of Makhleb.
 28824 | Orc:2    | Found a staircase to the Elven Halls.
 29067 | Orc:2    | Reached skill level 10 in Dodging
 29067 | Orc:2    | Reached skill level 2 in Translocations
 29076 | Orc:2    | Found Tuen's Antique Armour Boutique.
 29259 | Orc:2    | Found a radiant altar of Vehumet.
 29270 | Orc:2    | Found Hikyle's Magic Scroll Shop.
 29339 | Orc:2    | Bought a scroll of blinking for 112 gold pieces
 29341 | Orc:2    | Found an ancient bone altar of Kikubaaqudgha.
 29341 | Orc:2    | Noticed Nergalle
 29347 | Orc:2    | Killed Nergalle
 29383 | Orc:2    | Found a roughly hewn altar of Beogh.
 29383 | Orc:2    | Found Nuagg's Book Boutique.
 29413 | Orc:2    | Found Komuypp's Magic Scroll Shop.
 29452 | Orc:2    | Bought a scroll of blinking for 90 gold pieces
 29452 | Orc:2    | Bought a scroll of blinking for 90 gold pieces
 29586 | Orc:2    | Bought a pair of embroidered gloves for 277 gold pieces
 29586 | Orc:2    | Bought a silken robe for 210 gold pieces
 29586 | Orc:2    | Bought a brightly glowing robe for 210 gold pieces
 29610 | Orc:2    | Identified the +1 robe of the Cooper {Str+4} (You bought it
                  | in a shop on level 2 of the Orcish Mines)
 29620 | Orc:2    | Identified the +0 robe "Bioruwko" {rC+ rN+} (You bought it
                  | in a shop on level 2 of the Orcish Mines)
 29655 | Orc:2    | Bought a scroll of magic mapping for 52 gold pieces
 29655 | Orc:2    | Bought a scroll of torment for 112 gold pieces
 29671 | Orc:2    | Bought a scroll of teleportation for 36 gold pieces
 29790 | D:12     | Bought 2 potions of haste for 280 gold pieces
 29790 | D:12     | Bought a potion of heal wounds for 70 gold pieces
 29790 | D:12     | Bought a potion of curing for 42 gold pieces
 29790 | D:12     | Bought a potion of haste for 140 gold pieces
 29790 | D:12     | Bought a potion of haste for 140 gold pieces
 29790 | D:12     | Bought a potion of might for 56 gold pieces
 29790 | D:12     | Bought a potion of mutation for 112 gold pieces
 29790 | D:12     | Bought a potion of magic for 112 gold pieces
 29790 | D:12     | Bought a potion of cancellation for 112 gold pieces
 29964 | D:8      | Bought 2 scrolls of teleportation for 108 gold pieces
 29964 | D:8      | Bought a scroll of magic mapping for 63 gold pieces
 29998 | Spider:1 | Entered Level 1 of the Spider Nest
 30181 | Spider:1 | HP: 45/183 [wolf spider (8)]
 30183 | Spider:1 | Reached skill level 8 in Evocations
 30186 | Spider:1 | HP: 32/183 [poisoned by a wolf spider]
 30679 | Spider:1 | Reached skill level 16 in Axes
 30689 | Spider:1 | HP: 23/97 [disintegration (20)]
 30691 | Spider:1 | HP: 7/97 [jumping spider (16)]
 30691 | Spider:1 | Slain by a jumping spider

Illustrated notes

Levels and vault maps discovered:
D:1:      psy_arrival_basics, layout_loops_ring
D:2:      layout_loops_ring, chequers_ecumenical_altar_island,
          kennysheep_cross_bottleneck, minmay_tetromino_i4
D:3:      layout_basic, nicolae_overflow_hidden_temple, marbit_many_paths,
          first_ration, uniq_ijyb, uniq_grinder, uniq_jessica
D:4:      layout_rooms
D:5:      layout_loops_ring, mrwooster_statue_mirror,
          chequers_serial_rivers_marsh
D:6:      layout_basic, grunt_qazlal_clouds, lemuel_doored_altar, serial_shops,
          kennysheep_mini_moat, trog_butcher_becter, uniq_maggie, uniq_menkaure
D:7:      layout_cave_pools, chequers_temple_overflow_statue_of_worship,
          nicolae_tso_swordbearing_angel, gammafunk_temple_overflow_arena,
          minmay_temple_entry_junction_2, minivault_14, the_bakery
D:8:      layout_loops_ring, lair_entry_dummy, special_room [special_room_orc]
D:9:      layout_rooms, nicolae_gozag_cash_rules_everything_around_me,
          uniq_pikel, uniq_grum
D:10:     layout_rooms, basic_altar
D:11:     layout_loops_ring, orc_0_dummy, grunt_ministairs_13, uniq_erica,
          uniq_josephine, uniq_erolcha
D:12:     layout_roguey, serial_shops, shop, uniq_kirke
D:13:     layout_loops_ring, enter_bailey_7
D:14:     layout_basic, ximxim_vaults_locker_room, minmay_hedge_maze,
          uniq_snorg, uniq_jorgrun, uniq_nessos
D:15:     grunt_enter_depths_magical_seal, layout_rooms, enter_trove_5
Lair:1:   layout_cave_pods, beast_lair_carwin_1, lemuel_fruit_tree,
          grunt_megastairs_5
Lair:2:   layout_chaotic_city, dummy_spider_entry, beast_lair_carwin_11,
          uniq_urug, uniq_gastronok
Lair:3:   layout_concentric_octagons, shoals_dummy_entry
Lair:4:   layout_cave_shapes, special_room [special_room_bee],
          infiniplex_staircase_pool_2
Lair:5:   gammafunk_cloud_chamber, layout_cellular_growth, serial_bayou_shore_b,
          lemuel_fruit_fields, grunt_megastairs_3
Lair:6:   gammafunk_lair_ancient_temple, layout_misc_corridors, slime_altar_1
Spider:1: layout_spider_delve
Orc:1:    layout_caves, serial_shops, shop_fountains, basic_altar
Orc:2:    kennysheep_orc_mage_school, layout_caves, bloody_makhleb

Skill      XL: |  1  2  3  4  5  6  7  8  9 10 11 12 13 14 15 |
---------------+----------------------------------------------+-----
Conjurations   | 1 2 4 5 |  5.0
Fighting       | 2 4 6 8 9 10 11 12 | 12.5
Spellcasting   | 4 |  4.3
Air Magic      | 5 6 |  6.3
Axes           | 3 7 10 12 13 14 15 16 | 16.0
Dodging        | 5 7 9 10 | 10.4
Stealth        | 7 9 |  9.0
Evocations     | 3 5 7 8 |  8.2
Summonings     | 2 |  2.9
Translocations | 2 |  2.3

Action                   |  1- 3 |  4- 6 |  7- 9 | 10-12 | 13-15 || total
-------------------------+-------+-------+-------+-------+-------++-------
Melee: Whip              |     6 |       |       |       |       ||     6
       Dagger            |    64 |   143 |   113 |       |       ||   320
       Bite              |     3 |    11 |    29 |    60 |    71 ||   174
       Broad axe         |       |       |   199 |   623 |   131 ||   953
       Executioner's axe |       |       |       |       |   688 ||   688
Throw: Dart              |       |       |       |     6 |       ||     6
 Cast: Shock             |    46 |    43 |    98 |   139 |     3 ||   329
       Airstrike         |       |       |     3 |     5 |    14 ||    22
       Lightning Bolt    |       |       |       |     7 |       ||     7
       Blink             |       |       |       |       |     4 ||     4
Invok: Call Merchant     |       |       |       |     1 |     3 ||     4
       Potion Petition   |       |       |       |     1 |     1 ||     2
 Abil: Evoke Berserk Rag |       |       |       |       |     1 ||     1
       Exsanguinate      |       |       |       |       |     2 ||     2
Evoke: Wand              |       |     2 |     7 |     8 |     7 ||    24
       Tin of tremorston |       |       |       |       |     2 ||     2
  Use: Potion            |       |     7 |       |     6 |    10 ||    23
       Scroll            |       |       |    14 |    15 |    13 ||    42
 Stab: Sleeping          |     3 |       |    11 |    15 |    28 ||    57
       Distracted        |       |       |     1 |     6 |    16 ||    23
Armor: Robe              |    20 |    23 |    25 |       |       ||    68
       Skin              |       |    20 |       |    34 |       ||    54
       Steam dragon scal |       |       |    90 |   196 |   221 ||   507
Dodge: Dodged            |    36 |    69 |   181 |   398 |   793 ||  1477
Block: Other             |    10 |    37 |    96 |   161 |   215 ||   519
       Reflection        |     1 |       |     2 |       |    10 ||    13

Levels and vault maps discovered:
D:1:      psy_arrival_basics, layout_loops_ring
D:2:      layout_loops_ring, chequers_ecumenical_altar_island,
          kennysheep_cross_bottleneck, minmay_tetromino_i4
D:3:      layout_basic, nicolae_overflow_hidden_temple, marbit_many_paths,
          first_ration, uniq_ijyb, uniq_grinder, uniq_jessica
D:4:      layout_rooms
D:5:      layout_loops_ring, mrwooster_statue_mirror,
          chequers_serial_rivers_marsh
D:6:      layout_basic, grunt_qazlal_clouds, lemuel_doored_altar, serial_shops,
          kennysheep_mini_moat, trog_butcher_becter, uniq_maggie, uniq_menkaure
D:7:      layout_cave_pools, chequers_temple_overflow_statue_of_worship,
          nicolae_tso_swordbearing_angel, gammafunk_temple_overflow_arena,
          minmay_temple_entry_junction_2, minivault_14, the_bakery
D:8:      layout_loops_ring, lair_entry_dummy, special_room [special_room_orc]
D:9:      layout_rooms, nicolae_gozag_cash_rules_everything_around_me,
          uniq_pikel, uniq_grum
D:10:     layout_rooms, basic_altar
D:11:     layout_loops_ring, orc_0_dummy, grunt_ministairs_13, uniq_erica,
          uniq_josephine, uniq_erolcha
D:12:     layout_roguey, serial_shops, shop, uniq_kirke
D:13:     layout_loops_ring, enter_bailey_7
D:14:     layout_basic, ximxim_vaults_locker_room, minmay_hedge_maze,
          uniq_snorg, uniq_jorgrun, uniq_nessos
D:15:     grunt_enter_depths_magical_seal, layout_rooms, enter_trove_5
Lair:1:   layout_cave_pods, beast_lair_carwin_1, lemuel_fruit_tree,
          grunt_megastairs_5
Lair:2:   layout_chaotic_city, dummy_spider_entry, beast_lair_carwin_11,
          uniq_urug, uniq_gastronok
Lair:3:   layout_concentric_octagons, shoals_dummy_entry
Lair:4:   layout_cave_shapes, special_room [special_room_bee],
          infiniplex_staircase_pool_2
Lair:5:   gammafunk_cloud_chamber, layout_cellular_growth, serial_bayou_shore_b,
          lemuel_fruit_fields, grunt_megastairs_3
Lair:6:   gammafunk_lair_ancient_temple, layout_misc_corridors, slime_altar_1
Spider:1: layout_spider_delve
Orc:1:    layout_caves, serial_shops, shop_fountains, basic_altar
Orc:2:    kennysheep_orc_mage_school, layout_caves, bloody_makhleb

Table legend:
 A = Turns spent in this place as a percentage of turns spent in the entire game.
 B = Non-inter-level travel turns spent in this place as a percentage of non-inter-level travel turns spent in the entire game.
 C = Inter-level travel turns spent in this place as a percentage of turns spent in this place.
 D = Turns resting spent in this place as a percentage of non-inter-level travel turns spent in this place.
 E = Turns spent auto-exploring this place as a percentage of non-inter-level travel turns spent in this place.
 F = Non-inter-level travel turns spent in this place divided by the number of levels of this place that you've seen.
                   A       B       C       D       E      F
               +-------+-------+-------+-------+-------+----------------------
         Total | 100.0 | 100.0 |   6.3 |  28.3 |  50.7 | 1150.3
       Dungeon |  58.7 |  58.0 |   7.3 |  24.9 |  54.9 | 1112.8
          Lair |  32.2 |  32.9 |   4.5 |  36.0 |  42.9 | 1574.7
   Spider Nest |   1.6 |   1.7 |   0.2 |  54.1 |  22.3 | 503.0
  Orcish Mines |   6.5 |   6.3 |   8.8 |  16.3 |  61.1 | 905.5
        Bailey |   1.0 |   1.1 |   0.0 |   1.6 |  45.4 | 304.0
               +-------+-------+-------+-------+-------+----------------------

Table legend:
 A = Kills in this place as a percentage of kills in entire the game.
 B = Kills by you in this place as a percentage of kills by you in the entire game.
 C = Kills by friends in this place as a percentage of kills by friends in the entire game.
 D = Other kills in this place as a percentage of other kills in the entire game.
 E = Experience gained in this place as a percentage of experience gained in the entire game.
 F = Experience gained in this place divided by the number of levels of this place that you have seen.
                   A       B       C       D       E      F
               +-------+-------+-------+-------+-------+----------------------
         Total | 100.0 | 100.0 | 100.0 | 100.0 | 100.0 | 5495.4
       Dungeon |  60.7 |  60.6 | 100.0 |   0.0 |  51.9 | 4750.9
          Lair |  23.1 |  23.3 |   0.0 |   0.0 |  29.5 | 6762.7
   Spider Nest |   3.1 |   3.1 |   0.0 |   0.0 |   6.9 | 9508.0
  Orcish Mines |  10.5 |  10.4 |   0.0 | 100.0 |  10.1 | 6971.0
        Bailey |   2.5 |   2.5 |   0.0 |   0.0 |   1.5 | 2096.0
               +-------+-------+-------+-------+-------+----------------------
